 Dungeon Crawl Stone Soup version 0.18-a0-1225-g5d63bca (webtiles) character file.

93 ololoev the Magician (level 4, 0/24 HPs)
             Began as a Deep Elf Fire Elementalist on Feb 3, 2016.
             Succumbed to a worker ant's poison
             ... on level 4 of the Dungeon.
             The game lasted 00:05:46 (684 turns).

ololoev the Magician (Deep Elf Fire Elementalist)    Turns: 684, Time: 00:05:46

Health: 0/24       AC:  3    Str: 10    XL:     4   Next: 37%
Magic:  21/21      EV: 18    Int: 21    God:
Gold:   47         SH:  0    Dex: 20    Spells: 3 memorised, 4 levels left

rFire  + . .     SeeInvis .     (no weapon)
rCold  . . .     Gourm    .     a - +0 robe
rNeg   . . .     Faith    .     (no shield)
rPois  .         Spirit   .     i - +0 helmet (curse)
rElec  .         Dismiss  .     (no cloak)
rCorr  .         Reflect  .     (no gloves)
SustAt .         Harm     .     (no boots)
MR     .....                    (no amulet)
Stlth  +++.......               m - ring of protection from fire
                                e - ring of magical power

@: mighty, agile, lethally poisoned (0 -> -4), not resistant to hostile
enchantments, fairly stealthy
A: no striking features
a: no special abilities

Inventory:

Armour
 a - a +0 robe (worn)
 d - a +0 buckler
 i - a cursed +0 helmet (worn)
Jewellery
 e - a ring of magical power (left hand)
 m - a ring of protection from fire (right hand)
Wands
 n - a wand of lightning (4/15)
Scrolls
 g - 3 scrolls of teleportation {unknown}
 h - 2 scrolls of remove curse {unknown}
 k - 2 scrolls of identify {unknown}
Books
 b - a book of Flames

   Spells                             Type                      Level
   a - Flame Tongue                   Conjuration/Fire             1
   b - Throw Flame                    Conjuration/Fire             2
   c - Conjure Flame                  Conjuration/Fire             3
   d - Inner Flame                    Hexes/Fire                   3
   e - Sticky Flame                   Conjuration/Fire             4
   f - Fireball                       Conjuration/Fire             5
Comestibles
 c - 3 bread rations
 l - 2 beef jerkies
 o - a meat ration
 p - a royal jelly
 q - 2 chunks of flesh


   Skills:
 - Level 2.4 Dodging
 - Level 2.4 Stealth
 + Level 4.4 Spellcasting
 * Level 3.2 Conjurations
 + Level 3.8 Fire Magic


You had 4 spell levels left.
You knew the following spells:

 Your Spells              Type           Power        Failure   Level  Hunger
a - Flame Tongue          Conj/Fire      ###..        2%          1    None
b - Conjure Flame         Conj/Fire      ###.....     10%         3    ##.....
e - Inner Flame           Hex/Fire       ##......     17%         3    ##.....


You were on level 4 of the Dungeon.
You were not hungry.

You visited 1 branch of the dungeon, and saw 4 of its levels.

You collected 47 gold pieces.

#.###.#.#
#.......#
#####...#######.
#...........
##.#.######## ###
####....# #..
........# #.#
####....##########
#.#
####...@......#
#.# ##########.#
#####.# #......
#.###.# #.# #..
#.# #.# #.#

Notes
Turn   | Place    | Note
--------------------------------------------------------------
     0 | D:1      | ololoev the Deep Elf Fire Elementalist began the quest for the Orb.
     0 | D:1      | Reached XP level 1. HP: 10/10 MP: 6/6
   160 | D:2      | Found a bloodstained altar of Trog.
   163 | D:1      | Reached XP level 2. HP: 15/15 MP: 8/8
   541 | D:4      | Reached XP level 3. HP: 19/19 MP: 10/10
   546 | D:4      | Learned a level 3 spell: Conjure Flame
   550 | D:4      | Learned a level 3 spell: Inner Flame
   595 | D:4      | Reached skill level 4 in Spellcasting
   659 | D:4      | Reached XP level 4. HP: 15/24 MP: 12/12
   680 | D:4      | HP: 1/24 [poisoned by a worker ant]
   684 | D:4      | Succumbed to a worker ant's poison

Dungeon Overview and Level Annotations

Branches:
Dungeon (4/15)
 Temple: D:4-7

Altars:
Trog


Message History

The flame tongue hits the adder.
You kill the adder!
You have reached level 4!
You feel clever.
You feel sick.
You see here an adder corpse.
You butcher the adder corpse.
You feel sick.
q - 2 chunks of flesh You see here an adder skeleton.
This spell is quite dangerous to cast!
Memorise Sticky Flame, consuming 4 spell levels and leaving 0?
You start memorising the spell.
You continue memorising.
Your memorisation is interrupted.
You feel sick.
A worker ant comes into view.
The worker ant bites you.
You are more poisoned.
The worker ant poisons you! The worker ant bites you.
Drink which item? (? for menu, Esc to quit)
It was a potion of agility.
You feel agile all of a sudden.
You feel sick. The worker ant misses you.
Drink which item? (? for menu, Esc to quit)
It was a potion of might.
You feel very mighty all of a sudden.
You feel sick. The worker ant closely misses you.
Evoke which item? (* to show all) (? for menu, Esc to quit)
Zapping:
n - a wand of lightning {zapped: 3} (will waste charges)
Press: ? - help, Shift-Dir - straight line You hear a mighty clap of thunder!
The bolt of lightning hits the worker ant.
You kill the worker ant!
Your Conjurations skill increases to level 3!
Evoking this partially-identified wand wasted a few charges.
You feel sick.
You feel sick.
You feel sick.
You feel sick.
You feel sick.
You feel sick.
You die...

There were no monsters in sight!

Vanquished Creatures
  A giant frog skeleton (D:4)
  A worker ant (D:4)
  An adder (D:4)
  2 adder skeletons (D:4)
  A worm (D:4)
  2 orcs
  A ball python (D:1)
  3 bats (D:3)
  2 giant cockroaches
  A hobgoblin (D:1)
  A kobold (D:1)
  A quokka (D:3)
  A giant newt (D:1)
  3 goblins
  2 rats
23 creatures vanquished.

Action                   |  1- 3 |  4- 6 || total
-------------------------+-------+-------++-------
Melee: Unarmed           |     2 |       ||     2
 Cast: Flame Tongue      |    38 |     1 ||    39
       Conjure Flame     |     1 |       ||     1
Evoke: Wand              |     1 |     1 ||     2
  Use: Potion            |       |     2 ||     2

Vault maps used:
D:1:      mainiacjoe_arrival_reflecting_pool
D:2:      yredelemnul_forgotten_temple_becter, first_bread, trog_butcher_becter,
          uniq_robin
D:4:      lemuel_crystal_altar
